 Dungeon Crawl Stone Soup version 0.21.0-30-g47ce8e4 (webtiles) character file.

168 tidbits the Protected (level 5, 3/70 HPs)
             Began as a Gnoll Wanderer on Jan 28, 2018.
             Quit the game on level 5 of the Dungeon.
             The game lasted 00:04:33 (612 turns).

tidbits the Protected (Gnoll Wanderer)               Turns: 612, Time: 00:04:34

Health: 3/70       AC: 22    Str: 17    XL:     5   Next: 49%
Magic:  7/7        EV:  2    Int: 13    God:
Gold:   129        SH:  0    Dex: 14    Spells: 6/6 levels left

rFire    + . .     SeeInvis .   a - +1 dagger (elec)
rCold    + . .     Gourm    .   (no shield)
rNeg     + + +     Faith    .   (armour currently unavailable)
rPois    +         Spirit   .   (helmet currently unavailable)
rElec    +         Reflect  .   (cloak currently unavailable)
rCorr    +         Harm     .   (gloves currently unavailable)
MR       .....     NoTele   +   (boots currently unavailable)
Stlth    +.........             (no amulet)
HPRegen  0.21/turn              p - ring of loudness (curse)
MPRegen  0.10/turn              (no ring)

@: seriously poisoned (3 -> 1), tree-form, resistant, very slightly
contaminated, invisible
A: distributed training, strong nose
a: no special abilities


You were on level 5 of the Dungeon.
You were not hungry.
You were a tree.
You visited 1 branch of the dungeon, and saw 5 of its levels.

You collected 129 gold pieces.

Inventory:

Hand Weapons
 a - a +1 dagger of electrocution (weapon)
   (You took it off a kobold on level 2 of the Dungeon)
 f - a +0 antimagic dagger
   (You found it on level 1 of the Dungeon)
 g - a +0 short sword
 h - a +0 hunting sling
 k - a +0 spear
Armour
 e - a +2 scale mail
 B - a +0 plate armour (melded)
 E - a +1 hat (melded)
 G - a +0 pair of gloves (melded)
Jewellery
 p - a cursed ring of loudness (left branch)
   (You found it on level 4 of the Dungeon)
Scrolls
 b - 3 scrolls of identify {unknown}
 i - a scroll of enchant weapon {unknown}
 l - 2 scrolls of remove curse {unknown}
 n - a scroll of teleportation {unknown}
 o - a scroll of amnesia {unknown}
Potions
 c - a potion of lignification
Comestibles
 d - 3 rations


   Skills:
 + Level 6.7 Fighting
 + Level 1.4 Short Blades
 + Level 1.4 Long Blades
 + Level 1.4 Axes
 + Level 1.4 Maces & Flails
 + Level 1.4 Polearms
 + Level 1.4 Staves
 + Level 1.4 Slings
 + Level 1.4 Bows
 + Level 1.4 Crossbows
 + Level 3.0 Throwing
 + Level 10.4 Armour
 + Level 1.4 Dodging
 + Level 1.4 Stealth
 + Level 1.4 Shields
 + Level 1.4 Unarmed Combat
 + Level 1.4 Spellcasting
 + Level 1.1 Conjurations
 + Level 1.1 Hexes
 + Level 1.1 Charms
 + Level 1.1 Summonings
 + Level 1.1 Necromancy
 + Level 1.1 Translocations
 + Level 1.1 Transmutations
 + Level 1.1 Fire Magic
 + Level 1.1 Ice Magic
 + Level 1.1 Air Magic
 + Level 1.1 Earth Magic
 + Level 1.1 Poison Magic
 + Level 1.6 Invocations
 + Level 3.0 Evocations


You had 6 spell levels left.
You didn't know any spells.

Dungeon Overview and Level Annotations

Branches:
Dungeon (5/15)
 Temple: D:4-7

Altars:
Wu Jian


Innate Abilities, Weirdness & Mutations

Your experience applies equally to all skills.
((You have very sharp teeth.))
Your uncanny sense of smell can sniff out nearby items.


Message History

The sky beast is heavily wounded.
The sky beast barely misses you.
You hit the sky beast. You bite the sky beast.
The sky beast is severely wounded.
The sky beast barely misses you.
You hit the sky beast.
The sky beast is almost dead.
The sky beast hits you but does no damage.
You closely miss the sky beast.
The sky beast is severely wounded.
The sky beast barely misses you.
You closely miss the sky beast.
The sky beast is severely wounded.
The sky beast hits you.
* * * LOW HITPOINT WARNING * * *
The sky beast shocks you.
* * * LOW HITPOINT WARNING * * *
You barely miss the sky beast. Your bite misses the sky beast.
The sky beast is severely wounded.
The sky beast hits you but does no damage.
An ogre comes into view. It is wielding a giant club.
The ogre shouts!
You hit the sky beast.
The sky beast is almost dead.
The sky beast barely misses you.
A worker ant comes into view.
You hit the sky beast.
The sky beast is almost dead.
The sky beast flickers out of sight!
Something hits you but does no damage.
You miss something. Your bite misses something.
Something hits you but does no damage.
A jackal comes into view.
You miss something. Something hits you.
* * * LOW HITPOINT WARNING * * *
Something shocks you.
* * * LOW HITPOINT WARNING * * *
The worker ant waves its antennae.
It was a potion of resistance.
You feel protected. Something hits you but does no damage.
It was a potion of invisibility.
You fade into invisibility!
Something hits you but does no damage.
You are very lightly contaminated with residual magic.
You miss something. You hit something. Something hits you but does no damage.
Okay, then.
You miss something. Your bite misses something.
Something hits you but does no damage.
You hit something.
Your Throwing skill increases to level 3!
Your Conjurations skill increases to level 1!
Your Hexes skill increases to level 1!
Your Charms skill increases to level 1!
Your Summonings skill increases to level 1!
Your Necromancy skill increases to level 1!
Your Translocations skill increases to level 1!
Your Transmutations skill increases to level 1!
Your Fire Magic skill increases to level 1!
Your Ice Magic skill increases to level 1!
Your Air Magic skill increases to level 1!
Your Earth Magic skill increases to level 1!
Your Poison Magic skill increases to level 1!
Your Evocations skill increases to level 3!
You have reached level 5!
You feel a bit more experienced.
Your plate armour prevents you from hitting the jackal.
Your bite misses the jackal.
The jackal bites you but does no damage.
You hit the jackal.
The jackal is lightly wounded.
The jackal bites you but does no damage. x2
You hit the jackal. Lightning courses through the jackal!
You kill the jackal!
You hit the worker ant. Your bite misses the worker ant.
The worker ant is moderately wounded.
The worker ant barely misses you.
You hit the worker ant but do no damage.
The worker ant is moderately wounded.
The worker ant bites you but does no damage.
You hit the worker ant but do no damage.
Lightning courses through the worker ant!
The worker ant is almost dead.
The worker ant bites you.
* * * LOW HITPOINT WARNING * * *
You are lethally poisoned!
The worker ant poisons you!
You hit the worker ant.
The worker ant is almost dead.
* * * LOW HITPOINT WARNING * * *
You feel sick.
The worker ant bites you but does no damage.
You are too injured to fight recklessly!
You turn into a tree.
Your +1 hat melds into your body.
Your +0 pair of gloves melds into your body.
Your +0 plate armour melds into your body.
Your roots penetrate the ground.
* * * LOW HITPOINT WARNING * * *
You feel sick. The worker ant barely misses you.
Are you sure you want to abandon this character and quit the game? (Confirm with "yes".)

# .. .. #.# ... ∆ #.#
.... #.#
...#.#########.#
...............#
.......<....##.#######.
####........♣aO........
###########.........
#≈.8.....8 #.........
#h.≈....%. #.........
#....>.... #.........
#..8.....8


You could see an ogre and a worker ant.

Vanquished Creatures
  A sky beast (D:5)
  A worker ant (D:3)
  An adder (D:3)
  4 dart slugs
  A worm (D:2)
  A leopard gecko (D:3)
  7 goblins
  6 hobgoblins
  A jackal (D:5)
  2 quokkas (D:3)
  3 bats
  5 kobolds
  7 rats
40 creatures vanquished.

Notes
Turn   | Place    | Note
-------+----------+-------------------------------------------
     0 | D:1      | Reached skill level 10 in Armour
     0 | D:1      | tidbits the Gnoll Wanderer began the quest for the Orb.
     0 | D:1      | tidbits set off with: a +2 scale mail, a +0 spear, a potion of lignification, a ration
     0 | D:1      | Reached XP level 1. HP: 23/23 MP: 2/2
   100 | D:1      | Reached XP level 2. HP: 25/29 MP: 3/3
   272 | D:2      | Reached XP level 3. HP: 34/35 MP: 1/4
   351 | D:3      | Found an ornate altar of the Wu Jian Council.
   403 | D:3      | Reached skill level 1 in Invocations
   418 | D:3      | Reached skill level 1 in Short Blades
   418 | D:3      | Reached skill level 1 in Long Blades
   418 | D:3      | Reached skill level 1 in Axes
   418 | D:3      | Reached skill level 1 in Maces & Flails
   418 | D:3      | Reached skill level 1 in Polearms
   418 | D:3      | Reached skill level 1 in Staves
   418 | D:3      | Reached skill level 1 in Slings
   418 | D:3      | Reached skill level 1 in Bows
   418 | D:3      | Reached skill level 1 in Crossbows
   418 | D:3      | Reached skill level 1 in Dodging
   418 | D:3      | Reached skill level 1 in Stealth
   418 | D:3      | Reached skill level 1 in Shields
   418 | D:3      | Reached skill level 1 in Unarmed Combat
   418 | D:3      | Reached skill level 1 in Spellcasting
   418 | D:3      | Reached XP level 4. HP: 39/41 MP: 4/6
   551 | D:5      | Entered Level 5 of the Dungeon
   568 | D:5      | Noticed a sky beast
   591 | D:5      | Noticed an ogre
   594 | D:5      | HP: 4/41 [something (5)]
   603 | D:5      | Killed a sky beast
   603 | D:5      | Reached skill level 3 in Throwing
   603 | D:5      | Reached skill level 1 in Conjurations
   603 | D:5      | Reached skill level 1 in Hexes
   603 | D:5      | Reached skill level 1 in Charms
   603 | D:5      | Reached skill level 1 in Summonings
   603 | D:5      | Reached skill level 1 in Necromancy
   603 | D:5      | Reached skill level 1 in Translocations
   603 | D:5      | Reached skill level 1 in Transmutations
   603 | D:5      | Reached skill level 1 in Fire Magic
   603 | D:5      | Reached skill level 1 in Ice Magic
   603 | D:5      | Reached skill level 1 in Air Magic
   603 | D:5      | Reached skill level 1 in Earth Magic
   603 | D:5      | Reached skill level 1 in Poison Magic
   603 | D:5      | Reached skill level 3 in Evocations
   603 | D:5      | Reached XP level 5. HP: 6/47 MP: 7/7
   609 | D:5      | HP: 4/47 [worker ant (3)]
   612 | D:5      | Quit the game

Skill      XL: |  1  2  3  4 |
---------------+-------------+-----
Armour         | | 10.4
Invocations    | 1 |  1.6
Short Blades   | 1 |  1.4
Long Blades    | 1 |  1.4
Axes           | 1 |  1.4
Maces & Flails | 1 |  1.4
Polearms       | 1 |  1.4
Staves         | 1 |  1.4
Slings         | 1 |  1.4
Bows           | 1 |  1.4
Crossbows      | 1 |  1.4
Dodging        | 1 |  1.4
Stealth        | 1 |  1.4
Shields        | 1 |  1.4
Unarmed Combat | 1 |  1.4
Spellcasting   | 1 |  1.4
Throwing       | 3 |  3.0
Conjurations   | 1 |  1.1
Hexes          | 1 |  1.1
Charms         | 1 |  1.1
Summonings     | 1 |  1.1
Necromancy     | 1 |  1.1
Translocations | 1 |  1.1
Transmutations | 1 |  1.1
Fire Magic     | 1 |  1.1
Ice Magic      | 1 |  1.1
Air Magic      | 1 |  1.1
Earth Magic    | 1 |  1.1
Poison Magic   | 1 |  1.1
Evocations     | 3 |  3.0
Fighting       | |  6.7

Action                   |  1- 3 |  4- 6 || total
-------------------------+-------+-------++-------
Melee: Spear             |    27 |       ||    27
       Bite              |    10 |     7 ||    17
       Dagger            |   104 |    54 ||   158
  Use: Potion            |       |     3 ||     3
Armor: Scale mail        |    17 |       ||    17
       Plate armour      |    44 |    35 ||    79
Dodge: Dodged            |    37 |    14 ||    51

Table legend:
 A = Turns spent in this place as a percentage of turns spent in the entire game.
 B = Non-inter-level travel turns spent in this place as a percentage of non-inter-level travel turns spent in the entire game.
 C = Inter-level travel turns spent in this place as a percentage of turns spent in this place.
 D = Turns resting spent in this place as a percentage of non-inter-level travel turns spent in this place.
 E = Turns spent auto-exploring this place as a percentage of non-inter-level travel turns spent in this place.
 F = Non-inter-level travel turns spent in this place divided by the number of levels of this place that you've seen.
                   A       B       C       D       E      F
               +-------+-------+-------+-------+-------+----------------------
         Total | 100.0 | 100.0 |   0.0 |   0.0 |   0.0 | 122.4
       Dungeon | 100.0 | 100.0 |   0.0 |   0.0 |   0.0 | 122.4
               +-------+-------+-------+-------+-------+----------------------

Table legend:
 A = Kills in this place as a percentage of kills in entire the game.
 B = Kills by you in this place as a percentage of kills by you in the entire game.
 C = Kills by friends in this place as a percentage of kills by friends in the entire game.
 D = Other kills in this place as a percentage of other kills in the entire game.
 E = Experience gained in this place as a percentage of experience gained in the entire game.
 F = Experience gained in this place divided by the number of levels of this place that you have seen.
                   A       B       C       D       E      F
               +-------+-------+-------+-------+-------+----------------------
         Total | 100.0 | 100.0 |   N/A |   N/A | 100.0 |  48.2
       Dungeon | 100.0 | 100.0 |   N/A |   N/A | 100.0 |  48.2
               +-------+-------+-------+-------+-------+----------------------

Vault maps used:
D:1:      dpeg_arrival_orchard
D:2:      first_ration
D:3:      cheibrodos_helix_gallery, old_standard_altar, tso_altar
D:4:      kennysheep_little_box, minmay_temple_entry_statues_pillars,
          serial_forest, infiniplex_forest_lined_2,
          infiniplex_forest_straight_2, infiniplex_forest_clump_C,
          infiniplex_forest_pool, infiniplex_forest_lined_corner,
          infiniplex_forest_straight_2
D:5:      yredelemnul_forgotten_temple_becter, st_stairs_1,
          hangedman_decor_diamond_cutter
